 Dungeon Crawl Stone Soup version 0.29.1-15-g9cfb28693d (webtiles) character file.

Game seed: 12386820738956217829

67 leafyfresh the Sneak (level 4, -1/33 HPs)
             Began as an Octopode Delver on Mar 4, 2023.
             Slain by an orc warrior
             ... wielding a +0 war axe
              (18 damage)
             ... on level 5 of the Dungeon.
             The game lasted 00:00:37 (33 turns).

leafyfresh the Sneak (Octopode Delver)                Turns: 33, Time: 00:00:38

Health: -1/33      AC:  1    Str: 11    XL:     4   Next: 18%
Magic:  4/4        EV: 13    Int: 14    God:
Gold:   0          SH:  0    Dex: 13    Spells: 3/3 levels left

rFire   . . .      SeeInvis .   a - +0 short sword
rCold   . . .      Faith    .   (no shield)
rNeg    . . .      Spirit   .   (helmet restricted)
rPois   .          Reflect  .   (no amulet)
rElec   .          Harm     .   (no ring)
rCorr   .          Rampage  .   (no ring)
Will    .....                   (no ring)
Stlth   ++........              (no ring)
HPRegen 0.11/turn               (no ring)
MPRegen 0.09/turn               (no ring)
                                (no ring)
                                (no ring)

@: confused, marked, hasted, very quick
A: almost no armour, amphibious, 8 rings, camouflage 1, gelatinous body 1,
(nimble swimmer 1), tentacles
a: no special abilities


You were on level 5 of the Dungeon.
You visited 1 branch of the dungeon, and saw 1 of its levels.

Inventory:

Hand Weapons
 a - a +0 short sword (weapon)
Missiles
 g - 3 datura-tipped darts (quivered)
Wands
 f - a wand of digging (3)
Scrolls
 b - a scroll of fog
 c - a scroll of magic mapping
 d - a scroll of fear


   Skills:
 + Level 3.7 Fighting
 - Level 2.0 Short Blades
 + Level 2.9 Dodging
 + Level 7.3 Stealth


You had 3 spell levels left.
You didn't know any spells.
Your spell library was empty.

Dungeon Overview and Level Annotations

Branches:
Dungeon (5/15)
 Temple: D:4-7

Altars:


Innate Abilities, Weirdness & Mutations

You cannot wear most types of armour.
You are amphibious.
You can wear up to eight rings at the same time.
Your skin changes colour to match your surroundings (Stealth+).
Your rubbery body absorbs attacks. (AC +1, EV +1)
((You are camouflaged when in or above water. (Stealth+)))
You have tentacles for arms and can constrict up to eight enemies at once.


Message History

You squeeze the scorpion, but do no damage.
The scorpion is heavily wounded.
You constrict the scorpion, but do no damage.
The white imp hits the scorpion.
The white imp freezes the scorpion.
The scorpion completely misses the white imp.
The orc wizard gestures wildly while chanting.
The orc wizard flickers and vanishes!
Deactivating autopickup; reactivate with Ctrl-A.
An orc comes into view. It is wielding a +0 short sword.
The white imp completely misses the scorpion.
You strike the helpless scorpion from behind!
You puncture the scorpion!
You kill the scorpion!
A gnoll comes into view. It is wielding a +0 whip.
A necrophage comes into view.
Your Stealth skill increases to level 7!
You have reached level 3!
Your experience leads to an increase in your attributes!
Increase (S)trength, (I)ntelligence, or (D)exterity?
You feel clever. x2
You have reached level 4!
Press: ? - help, v - describe, . - travel
Here: a white imp (fast, strong, frenzied and insane)
The floor.
Unknown command.
The white imp hits you. The white imp freezes you.
A hound comes into view.
A puff of flame appears from out of thin air!
The puff of flame hits you!
The white imp misses the orc warrior.
The white imp closely misses the orc warrior.
You are confused.
You're too confused to move!
A gnoll comes into view. It is wielding a +0 whip.
Unknown command.
You feel yourself speed up.
The white imp closely misses the gnoll sergeant.
The orc warrior hits you with a +0 war axe!!
Ouch! That really hurt!
You die...

#.. #.# #.# . ##.## #
.. ####...+ .#
...#......# ..#
.....##...# ...#
..........###+###....#
...##..>##.##..@.....#
#..#.##.###o#######
...[...##.#..g...#
....######...†5...#
..#.#######.g.....#
....$..o.onho.....#
.......#...g.(..)#
.##!.......g.....#
#............####


You could see an orc warrior, a necrophage, a gnoll sergeant, a hound, an orc
priest, 3 gnolls, an orc and a neutral white imp (fast, strong, insane,
distracted).

Vanquished Creatures
  A scorpion (D:5)
  An adder (D:5)
2 creatures vanquished.

Notes
Turn   | Place    | Note
-------+----------+-------------------------------------------
     0 | D:5      | leafyfresh the Octopode Delver began the quest for the Orb.
     0 | D:5      | Reached XP level 1. HP: 16/16 MP: 1/1
    20 | D:5      | Noticed a scorpion
    21 | D:5      | Reached XP level 2. HP: 18/21 MP: 2/2
    23 | D:5      | Noticed a gnoll sergeant
    25 | D:5      | Noticed an orc warrior
    28 | D:5      | Killed a scorpion
    28 | D:5      | Noticed a necrophage
    29 | D:5      | Reached skill level 7 in Stealth
    29 | D:5      | Reached XP level 3. HP: 24/27 MP: 3/3
    29 | D:5      | Reached XP level 4. HP: 29/33 MP: 4/4
    33 | D:5      | Slain by an orc warrior

Illustrated notes

Levels and vault maps discovered:
D:5:      layout_rooms, slow_altar_1, minmay_temple_entry_hall

Skill      XL: |  1  2 |
---------------+-------+-----
Stealth        | 7 |  7.3
Fighting       | |  3.7
Short Blades   | |  2.0
Dodging        | |  2.9

Action                   |  1- 3 |  4- 6 || total
-------------------------+-------+-------++-------
Melee: Short sword       |     6 |       ||     6
       Tentacles         |     4 |       ||     4
       Constrict         |     2 |       ||     2
Throw: Dart              |     2 |       ||     2
  Use: Potion            |       |     1 ||     1
 Stab: Distracted        |     1 |       ||     1
Dodge: Dodged            |     4 |       ||     4
